[Event "fics rated crazyhouse match"]
[Site "fics, Oklahoma City, OK USA"]
[Date "2000.01.12"]
[White "jtp"]
[WhiteElo "2257"]
[Black "pminear"]
[BlackElo "2325"]
[TimeControl "180+0"]
[Result "1-0"]

1. e4 e5 2. Nf3 Nc6 3. Bc4 Bc5 4. c3 Nf6 5. d4 exd4 6. cxd4 
Bxd4 7. Nxd4 Nxd4 8. Bxf7+ Kxf7 9. O-O P@e6 10. B@g5 P@e2 11. Qxd4 exf1=Q+ 
12. Kxf1 R@h1+ 13. Ke2 B@h5+ 14. f3 Rxh2 15. N@e5+ Kf8 16. Qg1 Rh1 17. Qf2 
d6 18. Bxf6 gxf6 19. Bh6+ P@g7 20. Bxg7+ Kxg7 21. P@h6+ Kxh6 22. N@f7+ Bxf7 
23. Nxf7+ Kg7 24. Nxd8 B@f1+ 25. Kd2 N@c4+ 26. Kc1 Bd3+ 27. B@d1 Rxd1+ 28. Kxd1 
P@c2+ 29. Qxc2 Bxc2+ 30. Kxc2 B@d3+ 31. Kxd3 Nxb2+ 32. Ke3 B@g5+ 33. f4 Bxf4+ 
34. Kxf4 Q@g5+ 35. Kf3 N@d4+ 36. Kf2 P@e3+ 37. Kg1 P@f2+ 38. Kh2 f1=Q 39. Q@f7# 
{pminear forfeits on time} 1-0

[Event "fics rated crazyhouse match"]
[Site "fics, Oklahoma City, OK USA"]
[Date "2000.01.12"]
[White "pminear"]
[WhiteElo "2315"]
[Black "jtp"]
[BlackElo "2267"]
[TimeControl "180+0"]
[Result "0-1"]

1. e4 Nf6 2. Nc3 d5 3. exd5 Nxd5 4. Nf3 e6 5. Be2 Nc6 6. O-O 
Be7 7. Nxd5 exd5 8. Re1 P@e4 9. N@h5 Rg8 10. Bb5 Bg4 11. Bxc6+ bxc6 
12. Ne5 Bxd1 13. Rxd1 Q@e2 14. B@g4 B@f3 15. P@d7+ Kf8 16. Bxf3 exf3 17. Nxf3 
Qxd1+ 18. B@e1 B@g4 
{pminear resigns} 0-1

[Event "fics rated crazyhouse match"]
[Site "fics, Oklahoma City, OK USA"]
[Date "2000.01.12"]
[White "jtp"]
[WhiteElo "2276"]
[Black "pminear"]
[BlackElo "2306"]
[TimeControl "180+0"]
[Result "0-1"]

1. e4 e5 2. Nf3 Nc6 3. Bc4 Bc5 4. c3 Nf6 5. d4 exd4 6. cxd4 
Bxd4 7. Bxf7+ Kxf7 8. O-O B@h5 9. P@d5 Bxf3 10. Qxf3 Ne5 11. Qg3 N@e2+ 
12. Kh1 Nxg3+ 13. hxg3 P@e2 14. Rg1 Bxf2 15. N@g5+ Kf8 16. B@b4+ d6 17. Bf4 
P@h2 
{jtp resigns} 0-1

[Event "fics rated crazyhouse match"]
[Site "fics, Oklahoma City, OK USA"]
[Date "2000.01.12"]
[White "pminear"]
[WhiteElo "2313"]
[Black "jtp"]
[BlackElo "2269"]
[TimeControl "180+0"]
[Result "0-1"]

1. e4 Nf6 2. Nc3 d5 3. exd5 Nxd5 4. d4 e6 5. Bd3 Bb4 6. Ne2 
Nc6 7. O-O Qe7 8. Nxd5 exd5 9. c3 Bd6 10. Ng3 Bxg3 11. hxg3 P@h3 
12. gxh3 Bxh3 13. P@g2 Bxg2 14. Kxg2 P@e4 15. Bb5 P@f3+ 16. Kg1 N@e2+ 17. Bxe2 
fxe2 18. Qxe2 B@f3 19. Qb5 O-O 20. B@h3 N@e2+ 21. Kh2 Nxc1 22. N@f5 Qf6 
23. Raxc1 B@c4 24. N@h5 Bxh5 25. N@d7 N@f3+ 26. Kh1 Qxf5 27. Bxf5 Bxb5 28. Q@g2 
Bxf1 29. Rxf1 N@d2 30. g4 Q@h6 31. gxh5 Qxh5+ 32. B@h3 R@h2+ 33. Qxh2 Nxh2 
34. R@g2 P@g6 35. P@h6 Qxh6 36. P@g5 P@f3 37. Kxh2 fxg2 38. gxh6 Nxf1+ 39. Kxg2 
R@h2+ 40. Kxf1 Q@d1+ 41. Q@e1 R@h1# 
{pminear forfeits on time} 0-1

[Event "fics rated crazyhouse match"]
[Site "fics, Oklahoma City, OK USA"]
[Date "2000.01.12"]
[White "jtp"]
[WhiteElo "2278"]
[Black "pminear"]
[BlackElo "2304"]
[TimeControl "180+0"]
[Result "0-1"]

1. e4 e5 2. Nf3 Nc6 3. Bc4 Bc5 4. c3 Nf6 5. O-O Nxe4 6. d4 
exd4 7. cxd4 Be7 8. d5 Na5 9. Bd3 Nd6 10. P@e5 P@c4 11. Be2 P@d3 
12. exd6 Bxd6 13. N@f5 Rg8 14. Bxd3 cxd3 15. Qxd3 B@c4 16. Re1+ P@e6 17. Nxd6+ 
cxd6 18. Qxh7 N@f6 19. Qxg8+ Nxg8 20. R@h8 Ke7 21. B@h4+ f6 22. Rxg8 Qxg8 
23. N@f5+ Kd8 24. P@e7+ Kc7 25. Nxd6 Kxd6 26. Bf4+ Kxe7 27. d6+ Ke8 28. P@g6 
P@f7 29. P@h7 Qh8 30. gxf7+ Kxf7 31. P@h5 P@e2 32. P@g6+ Ke8 33. Nc3 N@h3+ 
34. gxh3 R@f1+ 35. Rxf1 exf1=Q+ 36. Rxf1 R@g2+ 37. Kxg2 Bxf1+ 38. Kxf1 R@c1+ 39. N@e1 
Rxe1+ 40. Nxe1 Q@c4+ 41. B@d3 Qxd3+ 42. Nxd3 Nc6 43. P@e7 Nxe7 
{jtp forfeits on time} 0-1

[Event "fics rated crazyhouse match"]
[Site "fics, Oklahoma City, OK USA"]
[Date "2000.01.12"]
[White "LINDEGREN"]
[WhiteElo "2220"]
[Black "fisherman"]
[BlackElo "2257"]
[TimeControl "120+0"]
[Result "1-0"]

1. e4 Nf6 2. Nc3 d5 3. exd5 Nxd5 4. Nf3 Nc6 5. d4 e6 6. Bb5 
Bb4 7. Bd2 Bd7 8. O-O Bxc3 9. bxc3 N@f4 10. Bxf4 Nxf4 11. B@g5 P@f6 
12. Bxf4 B@h5 13. N@g3 Bg6 14. N@h5 Rg8 15. Qe2 a6 16. Bd3 Rc8 17. P@f5 
Ne7 18. fxg6 hxg6 19. B@h7 gxh5 20. Bxg8 Nxg8 21. Nxh5 B@h8 22. P@h7 Ne7 
23. R@g8+ Nxg8 24. hxg8=Q+ R@f8 25. Nxg7+ Bxg7 26. Qxg7 N@h5 27. Qxf8+ Kxf8 28. R@h8+ 
N@g8 29. P@h7 Ke7 30. hxg8=Q Nxf4 31. N@f5# 
{fisherman checkmated} 1-0

[Event "fics rated crazyhouse match"]
[Site "fics, Oklahoma City, OK USA"]
[Date "2000.01.12"]
[White "pminear"]
[WhiteElo "2311"]
[Black "jtp"]
[BlackElo "2271"]
[TimeControl "180+0"]
[Result "0-1"]

1. e4 Nf6 2. e5 Ne4 3. d3 Nxf2 4. Kxf2 Nc6 5. Nf3 d6 6. exd6 
cxd6 7. Be2 e5 8. Rf1 d5 9. Kg1 Bc5+ 10. P@e3 P@f4 11. d4 fxe3 
12. Bxe3 exd4 13. Nxd4 P@e5 14. Nxc6 Bxe3+ 15. P@f2 Bxf2+ 16. Rxf2 bxc6 17. B@c5 
B@e7 18. Bxe7 Qxe7 19. P@h6 B@b6 20. B@e1 P@e3 21. Rf1 P@f2+ 22. Bxf2 exf2+ 
23. Kh1 N@e3 24. hxg7 Rg8 25. N@h5 Nxd1 26. N@f6+ Kd8 
{pminear resigns} 0-1

[Event "fics rated crazyhouse match"]
[Site "fics, Oklahoma City, OK USA"]
[Date "2000.01.12"]
[White "fisherman"]
[WhiteElo "2248"]
[Black "LINDEGREN"]
[BlackElo "2229"]
[TimeControl "120+0"]
[Result "1-0"]

1. e4 Nf6 2. Nc3 e6 3. d4 d5 4. e5 Ne4 5. Nxe4 dxe4 6. Nh3 
Nc6 7. Be3 Bb4+ 8. c3 Be7 9. Qc2 Nxe5 10. Qxe4 Ng6 11. N@h5 Rg8 
12. Bd3 P@f5 13. Qf3 N@d5 14. P@e4 fxe4 15. Bxe4 P@f5 16. Bxd5 exd5 17. Qe2 
B@g4 18. P@f3 Bxh5 19. O-O N@h4 20. Bg5 Be6 21. Bxh4 Nxh4 22. N@f4 Bxf3 
23. gxf3 P@g2 24. Rfe1 B@e4 25. B@h5 Qd7 26. N@e5 Qd6 27. Nxe6 Qxe6 28. Nxf7 
g6 29. Nfg5 Bxg5 30. Nxg5 Qe7 31. B@h3 N@f4 32. fxe4 Qxg5 33. exf5+ Nxe2+ 
34. Rxe2+ N@e4 35. P@d7+ Kf8 36. B@a3+ N@d6 37. N@g3 
{LINDEGREN forfeits on time} 1-0

[Event "fics rated crazyhouse match"]
[Site "fics, Oklahoma City, OK USA"]
[Date "2000.01.12"]
[White "jtp"]
[WhiteElo "2280"]
[Black "pminear"]
[BlackElo "2302"]
[TimeControl "180+0"]
[Result "1-0"]

1. e4 e5 2. Nf3 Nc6 3. Bc4 Bc5 4. c3 Nf6 5. d4 exd4 6. cxd4 
Bxd4 7. O-O d5 8. exd5 Nxd5 9. Nxd4 P@h3 10. Re1+ P@e7 11. P@h6 Nxd4 
12. hxg7 Rg8 13. Qxd4 Be6 14. Bxd5 hxg2 15. B@h5 P@g6 16. Rxe6 P@f6 17. B@a4+ 
c6 18. Bdxc6+ bxc6 19. Bxc6+ B@d7 20. N@d6# 
{pminear checkmated} 1-0

[Event "fics rated crazyhouse match"]
[Site "fics, Oklahoma City, OK USA"]
[Date "2000.01.12"]
[White "LINDEGREN"]
[WhiteElo "2221"]
[Black "fisherman"]
[BlackElo "2256"]
[TimeControl "120+0"]
[Result "0-1"]

1. e4 e6 2. Nc3 d5 3. Nf3 dxe4 4. Nxe4 Nc6 5. Bb5 Bd7 6. d4 
a6 7. Bd3 Nb4 8. O-O Bc6 9. Neg5 Nxd3 10. cxd3 B@g6 11. N@e5 P@f6 
12. Nxc6 bxc6 13. B@b7 fxg5 14. Bxc6+ Ke7 15. Bxg5+ f6 16. Bxa8 Qxa8 17. Qe2 
B@d5 18. P@e4 Bgxe4 19. dxe4 Bxe4 20. P@e5 Bxf3 21. P@d6+ Kf7 22. R@d7+ P@e7 
23. gxf3 N@h3+ 24. Kh1 P@g2+ 25. Kxg2 N@f4+ 26. Bxf4 Nxf4+ 27. Kg3 Nxe2+ 28. Kg2 
N@f4# 
{LINDEGREN resigns} 0-1

[Event "fics rated crazyhouse match"]
[Site "fics, Oklahoma City, OK USA"]
[Date "2000.01.12"]
[White "pminear"]
[WhiteElo "2293"]
[Black "jtp"]
[BlackElo "2289"]
[TimeControl "180+0"]
[Result "0-1"]

1. e4 Nf6 2. e5 Ne4 3. d3 Nxf2 4. Kxf2 Nc6 5. Qe2 d6 6. exd6 
cxd6 7. c3 e5 8. Na3 d5 9. Nb5 P@c7 10. Nf3 Bg4 11. P@d4 a6 
12. Nxc7+ Qxc7 13. dxe5 Bxf3 14. gxf3 N@f5 15. P@d6 Qb6+ 16. B@e3 P@d4 17. cxd4 
Ncxd4 18. N@c7+ Qxc7 19. dxc7 Nxe2 20. Kxe2 N@d4+ 21. Kf2 Q@c2+ 22. Bcd2 Qxc7 
23. Rc1 P@c2 24. P@d6 Bxd6 25. exd6 Qxd6 26. B@f4 P@e5 27. P@c5 N@d1+ 28. Kg1 
Qxc5 29. Bxd4 Qxd4+ 30. N@e3 exf4 31. Rxd1 P@f2+ 32. Kg2 P@h3+ 33. Kxh3 fxe3 
34. P@d7+ Kxd7 35. N@e5+ Qxe5 36. N@b6+ Ke6 37. Q@d7+ Kf6 
{pminear forfeits on time} 0-1

[Event "fics rated crazyhouse match"]
[Site "fics, Oklahoma City, OK USA"]
[Date "2000.01.12"]
[White "fisherman"]
[WhiteElo "2263"]
[Black "LINDEGREN"]
[BlackElo "2214"]
[TimeControl "120+0"]
[Result "0-1"]

1. e4 e6 2. d4 Nc6 3. Nf3 d5 4. Bd3 Nf6 5. Nc3 Bb4 6. exd5 
Nxd5 7. O-O Bxc3 8. bxc3 Nxc3 9. Qe1 P@e4 10. Bxe4 P@e2 11. Bxc6+ bxc6 
12. Qxc3 exf1=Q+ 13. Kxf1 Ba6+ 14. P@d3 B@d5 15. N@e5 O-O 16. P@h6 gxh6 17. Bxh6 
N@f5 18. Bxf8 Qxf8 19. N@f6+ Kh8 20. R@h4 Nxh4 21. Nxh4 Bxg2+ 22. Nxg2 R@h1+ 
23. B@g1 B@h3 24. P@h6 Bxg2+ 25. Kxg2 P@h3+ 26. Kf3 N@g5+ 27. Ke3 Qxh6 28. P@g7+ 
Qxg7 29. B@f4 P@b4 30. Qxb4 Rg8 31. P@h6 Qxh6 32. Nxf7+ Nxf7 33. Bxh6 N@f5+ 
34. Kd2 P@c3+ 35. Kxc3 N7xh6 36. P@g7+ Rxg7 
{fisherman forfeits on time} 0-1

[Event "fics rated crazyhouse match"]
[Site "fics, Oklahoma City, OK USA"]
[Date "2000.01.12"]
[White "jtp"]
[WhiteElo "2297"]
[Black "pminear"]
[BlackElo "2285"]
[TimeControl "180+0"]
[Result "0-1"]

1. e4 e5 2. Nf3 Nc6 3. Bc4 Bc5 4. c3 Nf6 5. d4 exd4 6. cxd4 
Bxd4 7. O-O Be5 8. P@d5 P@g4 9. Ng5 Nd4 10. Nc3 P@f3 11. Be3 fxg2 
12. Re1 Nf3+ 13. Nxf3 gxf3 14. Qxf3 P@g4 15. Qxg2 N@f3+ 16. Kf1 Nxh2+ 17. Qxh2 
Bxh2 18. Ke2 Be5 19. N@f5 Q@f3+ 20. Kd2 Bxc3+ 21. bxc3 Nxe4+ 22. Kc2 Qxf5 
23. Bd4 N@a3+ 24. Kd3 N@b2# 
{jtp resigns} 0-1

[Event "fics rated crazyhouse match"]
[Site "fics, Oklahoma City, OK USA"]
[Date "2000.01.12"]
[White "LINDEGREN"]
[WhiteElo "2223"]
[Black "fisherman"]
[BlackElo "2254"]
[TimeControl "120+0"]
[Result "1-0"]

1. e4 Nf6 2. Nc3 Nc6 3. d4 d5 4. exd5 Nxd5 5. Nf3 Bg4 6. Be2 
e6 7. h3 Bxf3 8. Bxf3 Bb4 9. Bxd5 exd5 10. O-O Bxc3 11. bxc3 B@e6 
12. N@f4 N@e4 13. Nxe6 fxe6 14. B@h5+ P@g6 15. Bg4 Qe7 16. Qf3 N@h4 17. Qd3 
O-O 18. P@f3 Nd6 19. B@g5 N@f6 20. Bxh4 Qf7 21. Bxf6 Qxf6 22. B@g5 Qf7 
23. N@e5 Nxe5 24. dxe5 B@c4 25. Qd1 Bxf1 26. Qxf1 Nf5 27. Bxf5 exf5 28. B@f6 
R@h5 29. N@e7+ Kh8 30. Bxg7+ Qxg7 31. P@f6 Qf7 32. Nxd5 Qxd5 33. P@g7+ Kg8 
34. N@e7+ Kf7 35. gxf8=Q+ Rxf8 36. Nxd5 B@c5 37. R@g7# 
{fisherman forfeits on time} 1-0

[Event "fics rated crazyhouse match"]
[Site "fics, Oklahoma City, OK USA"]
[Date "2000.01.12"]
[White "pminear"]
[WhiteElo "2293"]
[Black "jtp"]
[BlackElo "2289"]
[TimeControl "180+0"]
[Result "1-0"]

1. e4 Nf6 2. e5 Ne4 3. Nc3 Nxf2 4. Kxf2 Nc6 5. d4 d6 6. exd6 
cxd6 7. d5 Ne5 8. Nf3 Nxf3 9. gxf3 e6 10. Bb5+ Bd7 11. P@c6 bxc6 
12. dxc6 Qb6+ 13. Be3 Qxe3+ 14. Kxe3 N@f5+ 15. Ke2 
{jtp resigns} 1-0

[Event "fics rated crazyhouse match"]
[Site "fics, Oklahoma City, OK USA"]
[Date "2000.01.12"]
[White "jtp"]
[WhiteElo "2281"]
[Black "pminear"]
[BlackElo "2301"]
[TimeControl "180+0"]
[Result "0-1"]

1. e4 e5 2. Nf3 Nc6 3. Bc4 Bc5 4. c3 Nf6 5. d4 exd4 6. cxd4 
Bxd4 7. O-O Be5 8. Nc3 P@e6 9. P@d5 P@g4 10. Ng5 Nd4 11. Be3 exd5 
12. exd5 Nf5 13. Nxf7 Kxf7 14. P@e6+ Kf8 15. P@g5 P@f3 16. gxf3 gxf3 17. Qxf3 
Nh4 18. Qh3 P@g4 19. gxf6 N@f3+ 20. Kh1 Qxf6 21. Qxg4 P@g2+ 22. Qxg2 Nxg2 
23. N@g4 Q@h3 24. Ne4 Nxe3 25. Nxe3 Qxh2# 
{jtp checkmated} 0-1

[Event "fics rated crazyhouse match"]
[Site "fics, Oklahoma City, OK USA"]
[Date "2000.01.12"]
[White "pminear"]
[WhiteElo "2309"]
[Black "jtp"]
[BlackElo "2273"]
[TimeControl "180+0"]
[Result "0-1"]

1. e4 Nf6 2. e5 Ne4 3. Nc3 Nxf2 4. Kxf2 d5 5. d4 Nc6 6. Bb5 
e6 7. Nh3 P@c5 8. Bxc6+ bxc6 9. dxc5 Bxc5+ 10. P@d4 Bxd4+ 11. Qxd4 B@b6 
12. N@c5 P@d6 13. exd6 cxd6 14. Qxg7 Bxc5+ 15. P@d4 Bxd4+ 16. Qxd4 P@e5 17. Qg4 
d4 18. P@g7 Rg8 19. Ne4 P@e3+ 20. Kf1 N@f6 21. N@c7+ Kd7 22. Nxf6+ Qxf6+ 
23. B@f3 Kxc7 24. B@g5 Ba6+ 25. N@d3 Qxg7 26. Bgxe3 Qxg4 27. Bxg4 Rxg4 28. Q@f3 
B@f5 
{pminear resigns} 0-1

[Event "fics rated crazyhouse match"]
[Site "fics, Oklahoma City, OK USA"]
[Date "2000.01.12"]
[White "jtp"]
[WhiteElo "2282"]
[Black "pminear"]
[BlackElo "2300"]
[TimeControl "180+0"]
[Result "1-0"]

1. e4 e5 2. Nf3 Nc6 3. Bc4 Bc5 4. c3 Nf6 5. d4 exd4 6. cxd4 
Bxd4 7. O-O Be5 8. Nc3 P@e6 9. P@d5 P@g4 10. Ng5 Nd4 11. Be3 exd5 
12. Bxd4 Bxd4 13. Nxf7 Kxf7 14. Nxd5 P@e6 15. N@g5+ Kf8 16. P@e7+ Qxe7 17. Nxe7 
B@h5 18. Q@d8+ N@e8 19. Qxd4 P@f3 20. B@e5 fxg2 21. Rfe1 h6 22. Bxf6 hxg5 
23. N@g6+ Bxg6 24. Nxg6+ Kg8 25. Qxe8+ Kh7 26. Qxh8+ Kxg6 27. Qxg7+ Kh5 28. R@h6# 
{pminear checkmated} 1-0

[Event "fics rated crazyhouse match"]
[Site "fics, Oklahoma City, OK USA"]
[Date "2000.01.12"]
[White "pminear"]
[WhiteElo "2292"]
[Black "jtp"]
[BlackElo "2290"]
[TimeControl "180+0"]
[Result "0-1"]

1. e4 Nf6 2. e5 Ne4 3. Nc3 Nxf2 4. Kxf2 Nc6 5. d4 d6 6. exd6 
cxd6 7. d5 Ne5 8. Nf3 Ng4+ 9. Kg3 e5 10. Bb5+ Ke7 11. P@e6 fxe6 
12. Kxg4 P@f4 13. Nxe5 exd5+ 14. P@d7 dxe5 15. Nxd5+ Kf7 16. N@g5+ Qxg5+ 17. Kxg5 
N@e6+ 18. Kg4 h5+ 19. Kf3 N@d4+ 20. Kf2 P@g3+ 21. Kf1 Bxd7 22. Bxd7 P@f3 
23. B@e8+ Rxe8 24. Bxe8+ Kxe8 25. N@c7+ Kd7 26. Q@e8+ Kd6 27. R@d7+ Kc5 28. Qxd4+ 
Nxd4 29. N@a4+ Kc4 30. b3+ Nxb3 31. axb3+ Kd4 32. Bb2+ Ke4 
{pminear forfeits on time} 0-1

[Event "fics rated crazyhouse match"]
[Site "fics, Oklahoma City, OK USA"]
[Date "2000.01.12"]
[White "jtp"]
[WhiteElo "2298"]
[Black "pminear"]
[BlackElo "2284"]
[TimeControl "180+0"]
[Result "1-0"]

1. e4 e5 2. Nf3 Nc6 3. Bc4 Bc5 4. c3 Nf6 5. d4 exd4 6. cxd4 
Bxd4 7. O-O Be5 8. Nc3 Bxc3 9. bxc3 N@e5 10. B@b3 P@e6 11. Bg5 Nxf3+ 
12. Qxf3 Ne5 13. Qg3 Nxc4 14. Bxc4 B@e7 15. Bxf6 Bxf6 16. N@h5 B@h4 17. Nxf6+ 
Qxf6 18. Qxc7 Bxf2+ 19. Rxf2 Qxf2+ 20. Kxf2 N@g4+ 21. Kg3 P@h4+ 22. Kxg4 h5+ 
23. Kf3 P@g4+ 24. Ke3 O-O 25. P@e7 
{pminear resigns} 1-0

[Event "fics rated crazyhouse match"]
[Site "fics, Oklahoma City, OK USA"]
[Date "2000.01.12"]
[White "pminear"]
[WhiteElo "2276"]
[Black "jtp"]
[BlackElo "2306"]
[TimeControl "180+0"]
[Result "0-1"]

1. e4 Nf6 2. e5 Ne4 3. d3 Nxf2 4. Kxf2 Nc6 5. d4 d6 6. exd6 
cxd6 7. d5 Ne5 8. Nf3 Ng4+ 9. Ke2 Qb6 10. P@e3 P@f4 11. N@c4 Qc5 
12. Nba3 P@b5 13. h3 bxc4 14. hxg4 N@g3+ 15. Ke1 fxe3 
{pminear resigns} 0-1

[Event "fics rated crazyhouse match"]
[Site "fics, Oklahoma City, OK USA"]
[Date "2000.01.12"]
[White "jtp"]
[WhiteElo "2313"]
[Black "pminear"]
[BlackElo "2269"]
[TimeControl "180+0"]
[Result "1-0"]

1. e4 e5 2. Nf3 Nc6 3. Bc4 Bc5 4. c3 Nf6 5. d4 exd4 6. cxd4 
Bxd4 7. O-O Be5 8. Nc3 P@e6 9. P@d5 P@g4 10. Ng5 Nd4 11. Be3 exd5 
12. Bxd4 Bxd4 13. Qxd4 dxc4 14. Nxf7 Kxf7 15. N@g5+ Kf8 16. e5 B@e7 17. B@a3 
P@f3 18. exf6 gxf6 19. Qxf6# 
{pminear resigns} 1-0

[Event "fics rated crazyhouse match"]
[Site "fics, Oklahoma City, OK USA"]
[Date "2000.01.12"]
[White "pminear"]
[WhiteElo "2262"]
[Black "jtp"]
[BlackElo "2320"]
[TimeControl "180+0"]
[Result "1-0"]

1. e4 Nf6 2. e5 Ne4 3. Nc3 Nxf2 4. Kxf2 Nc6 5. d4 d6 6. exd6 
cxd6 7. d5 Ne5 8. Nf3 Ng4+ 9. Kg3 e5 10. Bb5+ Ke7 11. P@e6 fxe6 
12. Kxg4 P@f4 13. Ng5 exd5+ 14. Kf3 P@e4+ 15. Kf2 Qb6+ 16. Kf1 P@e6 17. N@h4 
Kf6 18. Ncxe4+ dxe4 19. Nxe4+ Ke7 20. Nxd6 Qxd6 21. Qxd6+ Kxd6 22. N@f7+ Ke7 
23. Q@d8+ Kxf7 24. Be8+ Kg8 25. P@f7# 
{jtp checkmated} 1-0

[Event "fics rated crazyhouse match"]
[Site "fics, Oklahoma City, OK USA"]
[Date "2000.01.12"]
[White "jtp"]
[WhiteElo "2311"]
[Black "pminear"]
[BlackElo "2271"]
[TimeControl "180+0"]
[Result "1-0"]

1. e4 e5 2. Nf3 Nc6 3. Bc4 Bc5 4. c3 Nf6 5. d4 exd4 6. cxd4 
Bxd4 7. O-O Be5 8. Nc3 P@g4 9. Bxf7+ Kxf7 10. Ng5+ Kf8 11. P@f4 Bxc3 
12. bxc3 B@h5 13. e5 P@f3 14. Ba3+ Kg8 15. Qb3+ N@f7 16. B@c4 fxg2 17. Bxf7# 
{pminear resigns} 1-0

[Event "fics rated crazyhouse match"]
[Site "fics, Oklahoma City, OK USA"]
[Date "2000.01.12"]
[White "pminear"]
[WhiteElo "2264"]
[Black "jtp"]
[BlackElo "2318"]
[TimeControl "180+0"]
[Result "0-1"]

1. e4 Nc6 2. Nc3 Nf6 3. Nf3 e6 4. e5 Ng4 5. d4 d6 6. exd6 
Bxd6 7. Ne4 Bb4+ 8. Bd2 P@e3 9. Bxb4 exf2+ 10. Nxf2 Nxf2 11. Kxf2 Nxb4 
12. Bb5+ c6 13. B@f4 N@g4+ 14. Kf1 cxb5 15. N@c7+ Qxc7 16. Bxc7 N@e3+ 17. Ke2 
O-O 18. P@e7 Re8 19. Bd6 Bd7 20. Qd2 Nbd5 21. P@h3 B@c4+ 22. Ke1 P@f2+ 
23. Qxf2 Nxf2 24. Kxf2 Q@e2+ 25. Kg3 Qxg2+ 26. Kh4 Nf5# 
{pminear resigns} 0-1

[Event "fics rated crazyhouse match"]
[Site "fics, Oklahoma City, OK USA"]
[Date "2000.01.12"]
[White "jtp"]
[WhiteElo "2325"]
[Black "pminear"]
[BlackElo "2257"]
[TimeControl "180+0"]
[Result "0-1"]

1. e4 e5 2. Nf3 Nc6 3. Bc4 Bc5 4. c3 Nf6 5. d4 exd4 6. cxd4 
Bxd4 7. O-O Be5 8. P@d5 P@g4 9. Ng5 Nd4 10. Nc3 P@f3 11. gxf3 Nxf3+ 
12. Nxf3 gxf3 13. Qxf3 P@g4 14. Qf5 N@f3+ 15. Kh1 Bxh2 16. P@g2 Nd4 17. Qg5 
P@f3 18. Kxh2 fxg2 19. Kxg2 P@h3+ 20. Kg3 Nxe4+ 21. Nxe4 Qxg5 22. Nxg5 Q@g2+ 
23. Kf4 P@f6 24. Q@e3+ Ne6+ 25. dxe6 fxg5+ 26. Kxg5 h6+ 27. Kf4 dxe6 28. B@a4+ 
P@c6 29. Qd3 N@d5+ 30. Bxd5 Qxd5 31. N@e4 e5+ 32. Ke3 Qxd3+ 33. Kxd3 Q@d4+ 
34. Ke2 Qxe4+ 35. Q@e3 B@f3+ 36. Kd2 N@c4+ 37. Kc3 Nxe3 38. N@f6+ gxf6 39. N@g7+ 
Kf8 40. P@e7+ Kxg7 41. N@h5+ Kg6 42. Nf4+ exf4 43. P@h5+ Kxh5 44. Bxe3 Q@b4# 
{jtp checkmated} 0-1

[Event "fics rated crazyhouse match"]
[Site "fics, Oklahoma City, OK USA"]
[Date "2000.01.12"]
[White "pminear"]
[WhiteElo "2267"]
[Black "jtp"]
[BlackElo "2315"]
[TimeControl "180+0"]
[Result "1-0"]

1. e4 Nf6 2. e5 Ne4 3. Nc3 Nxf2 4. Kxf2 Nc6 5. d4 d6 6. exd6 
cxd6 7. d5 Ne5 8. Nf3 Ng4+ 9. Kg3 e5 10. Bb5+ Ke7 11. P@e6 fxe6 
12. Kxg4 P@f4 13. Ng5 exd5+ 14. Kf3 P@e6 15. N@f7 P@e4+ 16. Kf2 Qb6+ 17. Kf1 
P@g3 18. hxg3 fxg3 19. P@e3 Bd7 20. Bxd7 Kxd7 21. Nxh8 B@c4+ 22. B@e2 P@d3 
23. cxd3 exd3 24. Bxd3 Bxd3+ 25. Qxd3 B@c4 26. B@a4+ P@c6 27. R@f7+ Be7 28. Rxe7+ 
Kxe7 29. N@g6+ hxg6 30. Nxg6+ Kd7 31. Qxc4 dxc4 32. B@e1 Q@f5+ 33. P@f4 Qxg6 
34. Bxg3 N@f5 35. B@f2 N@h5 36. P@h2 exf4 37. exf4 Nhxg3+ 38. hxg3 P@e3 39. Bcxe3 
Nxe3+ 40. Kg1 B@d4 41. P@h5 Qd3 42. P@e2 Qd2 43. N@e4 Qdxb2 44. Re1 Ng4 
45. P@e3 Bxe3 46. Nd1 Bxf2+ 47. Ndxf2 Nxf2 48. Nxf2 B@e3 49. Kh2 
{jtp forfeits on time} 1-0

[Event "fics rated crazyhouse match"]
[Site "fics, Oklahoma City, OK USA"]
[Date "2000.01.12"]
[White "jtp"]
[WhiteElo "2306"]
[Black "pminear"]
[BlackElo "2276"]
[TimeControl "180+0"]
[Result "0-1"]

1. e4 e5 2. Nf3 Nc6 3. Bc4 Bc5 4. c3 Nf6 5. d4 exd4 6. cxd4 
Bxd4 7. O-O Be5 8. Nc3 P@e6 9. P@d5 P@g4 10. Ng5 Nd4 11. Be3 exd5 
12. Bxd4 Bxd4 13. Qxd4 dxc4 14. Nxf7 Kxf7 15. N@e5+ Kf8 16. P@g6 P@h3 17. Qxc4 
B@e6 18. P@d5 hxg2 19. Rfe1 N@f3+ 20. Nxf3 gxf3 21. h3 Bxh3 22. N@f7 B@f4 
23. B@g3 Bxg3 24. fxg3 Ng4 25. Qc5+ B@e7 
{jtp resigns} 0-1

[Event "fics rated crazyhouse match"]
[Site "fics, Oklahoma City, OK USA"]
[Date "2000.01.12"]
[White "pminear"]
[WhiteElo "2285"]
[Black "jtp"]
[BlackElo "2297"]
[TimeControl "180+0"]
[Result "0-1"]

1. e4 Nf6 2. e5 Ne4 3. Nc3 Nxf2 4. Kxf2 Nc6 5. d4 d6 6. exd6 
cxd6 7. d5 Ne5 8. Nh3 e6 9. P@d4 Ng6 10. Bb5+ Bd7 11. Bxd7+ Qxd7 
12. dxe6 fxe6 13. Qe2 Be7 14. d5 O-O+ 15. Ke1 Bh4+ 16. P@g3 Rae8 17. dxe6 
Rxe6 18. N@e3 Rxe3 19. Bxe3 B@g4 20. B@c4+ P@f7 21. P@f3 Bxh3 22. gxh3 N@f5 
23. B@g4 P@g2 24. Rg1 Re8 25. Bxf5 Qxf5 26. N@d4 Qxh3 27. gxh4 B@f4 28. Bxf7+ 
Kxf7 29. P@e6+ Rxe6 30. Nxe6 Qxe6 31. B@d5 Qxd5 32. Nxd5 B@a5+ 33. c3 Bxe3 
34. Qxe3 N@c2+ 35. Kf2 Nxe3 36. B@g8+ Kxg8 37. R@e8+ B@f8 38. Rxf8+ Kxf8 39. Nxe3 
Q@d2+ 40. B@e2 Qxe3# 
{pminear forfeits on time} 0-1

[Event "fics rated crazyhouse match"]
[Site "fics, Oklahoma City, OK USA"]
[Date "2000.01.12"]
[White "LSS"]
[WhiteElo "2389"]
[Black "BEO"]
[BlackElo "2196"]
[TimeControl "180+0"]
[Result "1-0"]

1. e4 Nf6 2. e5 Nd5 3. Nc3 Nxc3 4. dxc3 d6 5. Nf3 Bg4 6. exd6 
exd6 7. Be2 Be7 8. Nd4 Bxe2 9. Qxe2 P@e5 10. Nf5 B@f8 11. P@h6 gxh6 
12. N@g7+ Kd7 13. Bxh6 P@e6 14. Nxe7 Bxe7 15. B@f3 Nc6 16. B@b5 d5 17. Rd1 
N@d6 18. Bxc6+ bxc6 19. N@c5+ Kc8 20. Qa6+ B@b7 21. Nxb7 Nxb7 22. Qxc6 N@a5 
23. Qxb7+ Nxb7 24. P@c6 Nc5 25. P@b7+ Nxb7 26. B@d7+ Qxd7 27. cxd7+ Kxd7 28. Bxd5 
exd5 29. Rxd5+ B@d6 30. P@c6+ Kc8 31. Q@d7+ Kb8 32. N@a6# 
{BEO checkmated} 1-0

[Event "fics rated crazyhouse match"]
[Site "fics, Oklahoma City, OK USA"]
[Date "2000.01.12"]
[White "Lomboc"]
[WhiteElo "2319"]
[Black "fisherman"]
[BlackElo "2245"]
[TimeControl "60+0"]
[Result "1-0"]

1. e4 e5 2. Nc3 Nf6 3. Nf3 Nc6 4. d3 Bc5 5. Be2 d6 6. O-O 
O-O 7. h3 Be6 8. a3 h6 9. Re1 Nh7 10. Bf1 Qd7 11. Be3 Nd4 
12. Bxd4 exd4 13. Ne2 Rae8 14. Nexd4 B@b6 15. c3 Bxd4 16. cxd4 Ng5 17. Nxg5 
hxg5 18. d5 Bxh3 19. gxh3 P@g3 20. P@e3 gxf2+ 21. Kxf2 P@f4 22. P@d2 fxe3+ 
23. dxe3 P@f4 24. d4 fxe3+ 25. Rxe3 P@f4 26. Re1 N@e3 27. Qf3 f5 28. B@e6+ 
Rxe6 29. dxe6 Qxe6 30. B@a2 B@h4+ 31. Ke2 Qxa2 32. Rxa2 P@d3+ 33. Kxd3 B@c4+ 
34. Kd2 N@b3+ 35. Kc3 Bxd4+ 36. Kb4 c5+ 37. Ka4 
{fisherman forfeits on time} 1-0

[Event "fics rated crazyhouse match"]
[Site "fics, Oklahoma City, OK USA"]
[Date "2000.01.13"]
[White "ChessBritiania"]
[WhiteElo "2081"]
[Black "LSS"]
[BlackElo "2393"]
[TimeControl "180+0"]
[Result "0-1"]

1. e4 e6 2. Nc3 d5 3. Nf3 d4 4. Nb5 Nc6 5. Bc4 a6 6. Na3 
Bxa3 7. bxa3 Nf6 8. B@g5 h6 9. Bh4 N@g6 10. Bg3 Nxe4 11. O-O O-O 
12. d3 Nc3 13. Qe1 Re8 14. Bd2 Nd5 15. Bxd5 exd5 16. Qc1 P@h3 17. Bxh6 
gxh6 18. Qxh6 B@g7 19. P@h7+ Kh8 20. Qxg6 hxg2 21. Qxf7 gxf1=Q+ 22. Rxf1 P@g2 
23. N@g6+ Kxh7 24. N@f8+ Kh6 25. Bf4+ P@g5 26. Nxg5 gxf1=Q+ 27. Kxf1 
{ChessBritiania resigns} 0-1